 Dungeon Crawl Stone Soup version 0.30.1-9-gdf580d7c3d (webtiles) character file.

Game seed: 12296046454154418857

1399 H0rd4k the Cudgeller (level 9, -17/66 HPs)
             Began as a Human Artificer on Sept 25, 2023.
             Demolished by Maggie
             ... wielding a +2 heavy halberd
              (20 damage)
             ... on level 6 of the Dungeon.
             The game lasted 00:06:14 (4985 turns).

H0rd4k the Cudgeller (Human Artificer)              Turns: 4985, Time: 00:06:14

Health: -17/66     AC:  0    Str: 12    XL:     9   Next: 1%
Magic:  9/9        EV: 15    Int: 17    God:
Gold:   341        SH:  0    Dex: 13    Spells: 8/8 levels left

rFire   . . .        m - melded +0 flail
rCold   . . .        (shield currently unavailable)
rNeg    . . .        b - melded +0 leather armour
rPois   .            h - melded +1 hat
rElec   .            (cloak currently unavailable)
rCorr   .            (gloves currently unavailable)
SInv    .            (boots currently unavailable)
Will    .....        (no amulet)
Stlth   ++           (ring currently unavailable)
HPRegen 0.31/turn    (ring currently unavailable)
MPRegen 0.11/turn

%: no passive effects
@: brilliant, pig-form (expiring), mesmerised, very quick
A: fast, no casting, small
a: no special abilities


You were on level 6 of the Dungeon.
You were a filthy swine.
You visited 2 branches of the dungeon, and saw 7 of its levels.

You collected 341 gold pieces.

Inventory:

Hand Weapons
 m - a +0 flail (melded)
Missiles
 o - 3 curare-tipped darts
Armour
 b - a +0 leather armour (melded)
 h - a +1 hat (melded)
 s - an orb of mayhem
Magical Staves
 w - a staff of conjuration
Jewellery
 z - an amulet of the acrobat
Wands
 c - a wand of flame (5) (quivered)
Scrolls
 f - 5 scrolls of teleportation {unknown}
 g - 2 scrolls of blinking {unknown}
 j - a scroll of enchant armour {unknown}
 k - 3 scrolls of immolation {unknown}
 l - 2 scrolls of butterflies {unknown}
 n - 2 scrolls of identify {unknown}
 p - a scroll of silence {unknown}
 r - a scroll of fear {unknown}
 y - a scroll of fog {unknown}
Potions
 a - a potion of haste {unknown}
 e - a potion of berserk rage
 i - a potion of brilliance
 q - a potion of heal wounds {unknown}
 t - a potion of curing {unknown}
 u - a potion of mutation {unknown}
 v - 3 potions of flight {unknown}
 x - a potion of cancellation {unknown}


   Skills:
 + Level 4.4 Fighting
 + Level 6.9 Maces & Flails
 - Level 2.0 Armour
 + Level 4.1 Dodging
 - Level 1.0 Stealth
 + Level 5.5 Evocations


You had 8 spell levels left.
You didn't know any spells.
Your spell library was empty.

Dungeon Overview and Level Annotations

Branches:
Dungeon (6/15)             Temple (1/1) D:5

Altars:
Dithmenos
Elyvilon
Hepliaklqana
Kikubaaqudgha
Makhleb
Nemelex Xobeh
Okawaru
Qazlal
Ru
Sif Muna
Trog
Uskayaw
Vehumet
Wu Jian
Xom
Yredelemnul
The Shining One

Annotations:
D:6 Maggie


Message History

You kill the ogre!
Your transformation is almost over.
Maggie misses you.
Aiming: Throw Flame
Press: ? - help, Q - select action, (/) - cycle Shift-Dir - straight line, f - Maggie
Aim: Maggie, wielding a +2 heavy halberd, wearing +2 swamp dragon scales and carrying a wand of polymorph (2) (moderately wounded, mesmerising, 77% to hit)
The puff of flame hits Maggie.
Maggie is moderately wounded.
Maggie closely misses you.
Aiming: Throw Flame
Press: ? - help, Q - select action, (/) - cycle Shift-Dir - straight line, f - ogre, p - Maggie
Aim: an ogre, wielding a +0 giant club (88% to hit)
The puff of flame hits the ogre!
The ogre is heavily wounded.
The ogre misses you.
Aiming: Throw Flame
Press: ? - help, Q - select action, (/) - cycle Shift-Dir - straight line, f/p - ogre
Aim: an ogre, wielding a +0 giant club (heavily wounded, 88% to hit)
The puff of flame hits the ogre.
The ogre is severely wounded.
Maggie barely misses you.
The ogre hits you with a +0 giant club!!
* * * LOW HITPOINT WARNING * * *
Unknown command.
Aiming: Throw Flame
Press: ? - help, Q - select action, (/) - cycle Shift-Dir - straight line, f/p - ogre
Aim: an ogre, wielding a +0 giant club (severely wounded, 88% to hit)
The puff of flame hits the ogre!
You kill the ogre!
Maggie smiles, but it's obviously fake.
Maggie closely misses you.
You have reached level 9!
Your experience leads to an increase in your attributes!
Increase (S)trength, (I)ntelligence, or (D)exterity?
You feel clever. x2
It was a potion of berserk rage.
You are too mesmerised to rage.
It was a potion of brilliance.
You feel clever all of a sudden.
Maggie hits you from afar with a +2 heavy halberd!!
You die...

#..............## #
#...............#.[ #.
#..............##.. #.
###.(...........#...
..#....#.#........#.....# .
........#.....##..##.....#..
#..............).....###$#..
##.....##.#...).>#.....#..).
#.......#..#h#..#.##....$....
...........).#....#.......#..
............@#...###.....####
..........)..##(...#.........
..............##.............
...........##................
..............#..............
....#...#...................
... ##..##.@............##..


You could see Maggie (mesmerising).

Vanquished Creatures
  Grinder (D:3)
  2 ice beasts (D:5)
  3 ogres (D:6)
  A phantom (D:5)
  2 scorpions (D:4)
  3 hounds
  A jelly (D:5)
  Jessica (D:3)
  Natasha (twice) (D:4)
  A sleepcap (D:6)
  2 iguanas (D:5)
  Robin (D:3)
  2 gnolls (D:2)
  7 adders
  A dart slug (D:1)
  6 orcs
  9 endoplasms
  6 giant cockroaches
  12 hobgoblins
  3 jackals (D:4)
  4 quokkas
  3 ball pythons
  3 bats
  2 frilled lizards (D:1)
  9 goblins
  7 kobolds
  4 rats
98 creatures vanquished.

Vanquished Creatures (collateral kills)
  Sigmund (D:4)
  3 gnolls
  A dart slug (D:1)
  An orc (D:6)
  An endoplasm (D:2)
  A rat (D:2)
8 creatures vanquished.

Vanquished Creatures (others)
  An acid dragon (D:6)
  An adder (D:2)
  An endoplasm (D:3)
  A quokka (D:1)
4 creatures vanquished.

Grand Total: 110 creatures vanquished

Notes
Turn   | Place    | Note
-------+----------+-------------------------------------------
     0 | D:1      | H0rd4k the Human Artificer began the quest for the Orb.
     0 | D:1      | Reached XP level 1. HP: 15/15 MP: 1/1
   365 | D:1      | Reached XP level 2. HP: 20/21 MP: 2/2
   865 | D:2      | Reached XP level 3. HP: 26/26 MP: 3/3
  1222 | D:2      | Reached skill level 1 in Maces & Flails
  1222 | D:2      | Reached XP level 4. HP: 29/32 MP: 4/4
  1498 | D:2      | Reached skill level 2 in Maces & Flails
  1498 | D:2      | Reached XP level 5. HP: 27/38 MP: 5/5
  2271 | D:3      | Noticed Robin
  2274 | D:3      | Killed Robin
  2500 | D:3      | Noticed Jessica
  2518 | D:3      | Killed Jessica
  2519 | D:3      | Reached skill level 3 in Maces & Flails
  2519 | D:3      | Reached XP level 6. HP: 22/44 MP: 6/6
  2942 | D:3      | Found a faded altar of an unknown god.
  3027 | D:4      | Noticed Grinder
  3134 | D:3      | Killed Grinder
  3135 | D:3      | Reached skill level 4 in Maces & Flails
  3135 | D:3      | Reached XP level 7. HP: 51/51 MP: 7/7
  3607 | D:4      | Found a white marble altar of Elyvilon.
  3793 | D:4      | Noticed Natasha
  3797 | D:4      | Noticed Sigmund
  3806 | D:4      | Killed Sigmund
  3807 | D:4      | Reached skill level 5 in Maces & Flails
  3896 | D:4      | Killed Natasha
  3897 | D:4      | Reached XP level 8. HP: 58/58 MP: 8/8
  4019 | D:4      | Noticed Natasha
  4022 | D:4      | Killed Natasha
  4027 | D:4      | Found a basalt altar of Yredelemnul.
  4109 | D:5      | Entered Level 5 of the Dungeon
  4188 | D:5      | Found a staircase to the Ecumenical Temple.
  4214 | Temple   | Entered the Ecumenical Temple
  4436 | D:5      | Reached skill level 6 in Maces & Flails
  4794 | D:5      | Reached skill level 5 in Evocations
  4877 | D:6      | Noticed Maggie
  4926 | D:6      | Found a sparkling altar of Nemelex Xobeh.
  4982 | D:6      | HP: 2/61 [ogre/+0 giant club (19)]
  4984 | D:6      | Reached XP level 9. HP: 3/66 MP: 9/9
  4985 | D:6      | Demolished by Maggie

Illustrated notes

Levels and vault maps discovered:
D:1:      amcnicky_arrival_choice, layout_loops_ring, minmay_door_square,
          minmay_surrounded
D:2:      layout_basic, hangedman_decor_push
D:3:      layout_loops_ring, dilly_ecumenical_altar_fadedgnrine,
          corexii_item_surrounded_by_moat, nrook_mini_vaults, uniq_robin,
          uniq_jessica
D:4:      layout_cave_pools, kennysheep_ying_yang,
          chequers_serial_rivers_small_3, uniq_grinder, uniq_natasha,
          uniq_sigmund
D:5:      layout_rooms, nicolae_overflow_hidden_temple,
          minmay_temple_entry_gardened_gates
D:6:      layout_cave_pools, cheibriados_altar_1,
          mainiacjoe_overflow_small_starburst, uniq_maggie
Temple:   jpeg_temple_clearing

Skill      XL: |  1  2  3  4  5  6  7  8 |
---------------+-------------------------+-----
Evocations     | 4 5 |  5.5
Maces & Flails | 1 2 3 4 5 6 |  6.9
Dodging        | 2 3 4 |  4.1
Fighting       | 2 3 4 |  4.4
Armour         | |  2.0
Stealth        | |  1.0

Action                     |  1- 3 |  4- 6 |  7- 9 || total
---------------------------+-------+-------+-------++-------
  Melee: Club              |   130 |    21 |       ||   151
         Punch             |     1 |     1 |     1 ||     3
         Flail             |       |   141 |   112 ||   253
  Evoke: Wand              |     2 |    12 |    47 ||    61
    Use: Potion            |       |       |     2 ||     2
   Stab: Sleeping          |     1 |     4 |     1 ||     6
 Armour: Leather armour    |    47 |    37 |    31 ||   115
  Dodge: Dodged            |    86 |   106 |    83 ||   275
